 Dungeon Crawl Stone Soup version 0.23.1 (webtiles) character file.

Game seed: 18134758714116240178

8943 HammerPanzer the Basher (level 11, -20/103 (104) HPs)
             Began as a Minotaur Berserker on Mar 7, 2019.
             Was a High Priest of Trog.
             Demolished by an enormous slime creature (43 damage)
             ... on level 12 of the Dungeon.
             The game lasted 00:36:43 (13512 turns).

HammerPanzer the Basher (Minotaur Berserker)       Turns: 13512, Time: 00:36:44

HP:   -20/103 (104) AC: 15    Str: 23    XL:     11   Next: 16%
MP:   0/10          EV: 12    Int:  6    God:    Trog [*****.]
Gold: 126           SH:  0    Dex: 14    Spells: 10/10 levels left

rFire    + . .     SeeInvis .   v - +3 flail (protect)
rCold    . . .     Gourm    .   (no shield)
rNeg     + . .     Faith    .   G - +1 ring mail of Conscience {rN+ Dex+4}
rPois    .         Spirit   +   B - +2 hat
rElec    .         Reflect  .   o - scarf {Spirit}
rCorr    .         Harm     .   (no gloves)
MR       .....                  (no boots)
Stlth    +.........             D - amulet of guardian spirit
HPRegen  0.27/turn              s - ring of protection from fire
MPRegen  0.12/turn              A - +2 ring of slaying

@: protection aura
A: retaliatory headbutt, horns 2
a: Berserk, Trog's Hand, Brothers in Arms, Renounce Religion


You were on level 12 of the Dungeon.
You worshipped Trog.
Trog was extremely pleased with you.
You were hungry.

You visited 1 branch of the dungeon, and saw 12 of its levels.

You collected 763 gold pieces.
You spent 637 gold pieces at shops.

Inventory:

Hand Weapons
 p - a +0 triple sword
 v - a +3 flail of protection (weapon)
Missiles
 r - 12 tomahawks (quivered)
Armour
 f - a +0 chain mail
 o - a scarf of spirit shield (worn)
 B - a +2 hat (worn)
 C - a scarf of cloud immunity
 G - the +1 ring mail of Conscience (worn) {rN+ Dex+4}
   (You bought it in a shop on level 11 of the Dungeon)

   It affects your dexterity (+4).
   It protects you from negative energy.
Jewellery
 d - an uncursed ring of ice
 l - an uncursed amulet of magic regeneration
 s - a ring of protection from fire (left hand)
 A - a +2 ring of slaying (right hand)
 D - an amulet of guardian spirit (around neck)
Wands
 u - a wand of flame (23)
 z - a wand of enslavement (4)
 I - a wand of random effects (10)
 J - a wand of iceblast (7)
 K - a wand of scattershot (4)
Scrolls
 g - 2 scrolls of enchant armour
 m - 5 scrolls of teleportation
 n - 2 scrolls of remove curse
 y - a scroll of magic mapping
Potions
 a - a potion of cancellation {unknown}
 e - 2 potions of haste
 h - 2 potions of might
 i - 5 potions of agility
 j - a potion of lignification
 k - 2 potions of invisibility
 q - 2 potions of brilliance
 w - 3 potions of curing
 x - a potion of magic {unknown}
Comestibles
 c - 25 rations


   Skills:
 + Level 11.8 Fighting
 * Level 8.5 Long Blades
 + Level 14.7 Maces & Flails
 - Level 2.4 Armour
 - Level 2.1 Dodging


You had 10 spell levels left.
You didn't know any spells.
Your spell library was empty.

Dungeon Overview and Level Annotations

Branches:
Dungeon (12/15)            Temple (0/1) D:4            Lair (0/6) D:10
    Orc (0/2) D:10

Altars:
Ashenzari
Hepliaklqana
Nemelex Xobeh
Qazlal
Trog
Vehumet
Xom
Zin

Shops:
D:11 *


Innate Abilities, Weirdness & Mutations

You reflexively headbutt those who attack you in melee.
You have a pair of horns on your head.


Message History

The very large slime creature is moderately wounded.
Two slime creatures merge to form an enormous slime creature.
You hit the enormous slime creature.
You headbutt the enormous slime creature.
The enormous slime creature is lightly wounded.
The enormous slime creature hits you!!
You sock the enormous slime creature!
The enormous slime creature is moderately wounded.
You bludgeon the enormous slime creature!!
The enormous slime creature is moderately wounded.
The enormous slime creature hits you but does no damage.
You hit the enormous slime creature.
The enormous slime creature is moderately wounded.
The enormous slime creature hits you!!!
Ouch! That really hurt!
* * * LOW HITPOINT WARNING * * *
Okay, then.
There is a stone staircase leading up here.
The enormous slime creature hits you!!!
You die...

###
####...#
#......#
##.##...#
##..J##.##
#...@.# #
#.....#
#.....#
##....#
####.# #.#
#.# ...
...


You could see an enormous slime creature.

Vanquished Creatures
  2 unseen horrors
  Maurice (D:11)
  A centaur skeleton (D:10)
  A troll (D:11)
  A queen bee (D:8)
  A basilisk (D:11)
  4 yaks (D:11)
  A hungry ghost (D:11)
  Edmund (D:5)
  3 orc warriors
  2 sky beasts
  A necrophage (D:11)
  5 ice beasts
  6 ogres
  4 centaurs
  9 bullfrogs
  A wyvern zombie (D:6)
  A wyvern skeleton (D:10)
  3 scorpions
  18 killer bees
  4 wights (D:6)
  2 howler monkeys
  4 crimson imps
  A bullfrog zombie (D:9)
  3 quasits
  4 orc priests
  11 hounds
  5 jellies
  17 orc wizards
  2 bullfrog skeletons
  4 iguanas
  10 worker ants
  3 hound skeletons
  2 worker ant zombies
  18 gnolls
  10 adders
  3 shadow imps
  4 oozes
  2 adder skeletons
  7 worms
  A dart slug (D:2)
  4 leopard geckos
  35 orcs
  A ball python (D:7)
  7 giant cockroaches
  4 goblins
  8 hobgoblins
  16 jackals
  3 quokkas
  4 bats
  6 frilled lizards
  3 kobolds
  A quokka skeleton (D:4)
  A quokka zombie (D:5)
  9 rats
285 creatures vanquished.

Vanquished Creatures (others)
  A scorpion (D:7)
  An iguana (D:7)
  A gnoll (D:7)
  An orc (D:8)
4 creatures vanquished.

Grand Total: 289 creatures vanquished

Notes
Turn   | Place    | Note
-------+----------+-------------------------------------------
     0 | D:1      | HammerPanzer the Minotaur Berserker began the quest for the
                  | Orb.
     0 | D:1      | Reached XP level 1. HP: 19/19 MP: 0/0
   286 | D:1      | Reached skill level 4 in Maces & Flails
   398 | D:1      | Reached XP level 2. HP: 27/27 MP: 1/1
   871 | D:2      | Reached XP level 3. HP: 9/33 MP: 2/2
  1281 | D:2      | Found a hazy altar of Hepliaklqana.
  1316 | D:2      | Reached skill level 5 in Maces & Flails
  1389 | D:2      | Reached XP level 4. HP: 37/41 MP: 3/3
  1447 | D:2      | Reached ** piety under Trog
  1756 | D:2      | Reached skill level 6 in Maces & Flails
  2100 | D:3      | Reached XP level 5. HP: 45/47 MP: 4/4
  2210 | D:3      | Reached skill level 5 in Fighting
  2768 | D:3      | Reached skill level 7 in Maces & Flails
  2768 | D:3      | Reached XP level 6. HP: 56/56 MP: 5/5
  3020 | D:3      | Found a shattered altar of Ashenzari.
  3020 | D:3      | Found a glowing silver altar of Zin.
  3499 | D:4      | Reached skill level 8 in Maces & Flails
  3874 | D:4      | Reached XP level 7. HP: 41/64 MP: 6/6
  4141 | D:4      | Reached *** piety under Trog
  4173 | D:4      | Reached skill level 9 in Maces & Flails
  4996 | D:4      | Found a bloodstained altar of Trog.
  4999 | D:4      | Found a stormy altar of Qazlal.
  5002 | D:4      | Found a radiant altar of Vehumet.
  5231 | D:4      | Found a staircase to the Ecumenical Temple.
  5614 | D:5      | Entered Level 5 of the Dungeon
  5707 | D:5      | Reached XP level 8. HP: 70/73 MP: 7/7
  5731 | D:5      | Reached skill level 10 in Maces & Flails
  5740 | D:5      | Noticed Edmund
  5753 | D:5      | Killed Edmund
  6080 | D:5      | Reached **** piety under Trog
  7236 | D:6      | Reached skill level 11 in Maces & Flails
  7820 | D:6      | Reached XP level 9. HP: 82/82 MP: 8/8
  8137 | D:6      | Reached skill level 12 in Maces & Flails
  8421 | D:7      | Found a shimmering altar of Xom.
  8658 | D:7      | Reached ***** piety under Trog
  8723 | D:7      | Reached skill level 13 in Maces & Flails
  9071 | D:8      | Reached skill level 10 in Fighting
  9191 | D:8      | Noticed a queen bee
  9207 | D:8      | Killed a queen bee
  9804 | D:8      | Reached skill level 1 in Long Blades
  9885 | D:8      | Reached XP level 10. HP: 87/94 MP: 9/9
 10836 | D:9      | Found a sparkling altar of Nemelex Xobeh.
 11405 | D:10     | Entered Level 10 of the Dungeon
 11424 | D:10     | Killed an unseen horror
 11424 | D:10     | Reached skill level 14 in Maces & Flails
 11653 | D:10     | Reached skill level 5 in Long Blades
 12023 | D:10     | Found the +0 Maxwell's etheric cage {RegenMP+ *Contam rElec
                  | MP+4}
 12121 | D:10     | Found a staircase to the Lair.
 12146 | D:10     | Found a staircase to the Orcish Mines.
 12216 | D:10     | Found a shattered altar of Ashenzari.
 12668 | D:11     | Killed an unseen horror
 12668 | D:11     | Reached XP level 11. HP: 55/103 MP: 7/10
 12895 | D:11     | Found Roelead's Assorted Antiques.
 12922 | D:11     | Bought a bloodstained scale mail for 225 gold pieces
 12922 | D:11     | Bought a shimmering ring mail for 225 gold pieces
 12922 | D:11     | Bought a glowing cloak for 187 gold pieces
 12932 | D:11     | Identified the cursed +1 scale mail of the Shoals {+Blink
                  | rPois rC- Str-3} (You bought it in a shop on level 11 of
                  | the Dungeon)
 12967 | D:11     | Identified the +1 ring mail of Conscience {rN+ Dex+4} (You
                  | bought it in a shop on level 11 of the Dungeon)
 13202 | D:11     | Noticed Maurice
 13216 | D:11     | Killed Maurice
 13512 | D:12     | Demolished by an enormous slime creature

Skill      XL: |  1  2  3  4  5  6  7  8  9 10 11 |
---------------+----------------------------------+-----
Maces & Flails | 4 5 6 7 8 9 11 13 14 | 14.7
Fighting       | 4 5 6 7 8 10 11 | 11.8
Long Blades    | 1 7 8 |  8.5
Armour         | |  2.4
Dodging        | |  2.1

Action                   |  1- 3 |  4- 6 |  7- 9 | 10-12 || total
-------------------------+-------+-------+-------+-------++-------
Melee: Mace              |    40 |    43 |       |       ||    83
       Headbutt          |     8 |    21 |    55 |    49 ||   133
       Flail             |       |    67 |   361 |   206 ||   634
       Triple sword      |       |       |    16 |    40 ||    56
Throw: Tomahawk          |       |       |     4 |     2 ||     6
Invok: Berserk           |     1 |     4 |     6 |     2 ||    13
  Use: Scroll            |       |     7 |     5 |     8 ||    20
       Potion            |       |       |       |     1 ||     1
 Stab: Sleeping          |       |     2 |       |       ||     2
  Eat: Chunk             |     2 |    12 |    16 |     9 ||    39
       Ration            |       |       |     2 |     2 ||     4
Armor: Animal skin       |     2 |     8 |       |       ||    10
       Ring mail         |       |     3 |    16 |     7 ||    26
       Leather armour    |       |     3 |       |       ||     3
       Scale mail        |       |       |   133 |       ||   133
       Chain mail        |       |       |       |   123 ||   123
Dodge: Dodged            |    23 |    54 |   193 |   100 ||   370
       Rpst.: Triple sword |       |       |     7 |     5 ||    12
